Map: Frozen Temple

Players

PipeR - Winner!

  • Race: Terran Terran
  • League: Diamond

Smurficide

  • Race: Zerg Zerg
  • League: Master

VOD

Have the link to the VOD?

Description

Time

  • Played on: Aug. 16, 2016, 11:48 a.m.
  • Length: 9:09
Show
View Real Time Build Order
Export as new Build Order

PipeR Terran - Winner!

Build Orders: Reaper Expand, MMM Bio 

Get SALT Encoding   

  12  0:01  SCV  
  13  0:13  SCV  
  14  0:18  Supply Depot  
  14  0:25  SCV  
  15  0:39  SCV  
  15  0:42  Barracks  
  16  0:45  Refinery  
  16  0:52  SCV  
  17  1:04  SCV  
  18  1:16  SCV  
  19  1:29  Orbital Command  
  19  1:30  Reaper  
  20  1:41  Command Center  
  20  1:52  Barracks  
  20  1:55  SCV  
  21  2:02  Barracks Reactor  
  21  2:07  SCV  
  22  2:09  Refinery  
  22  2:18  Supply Depot  
  22  2:19  SCV  
  23  2:26  Factory  
  22  2:31  SCV  
  23  2:39  Marine x2, Barracks Tech Lab  
  23  2:43  SCV  
  26  2:53  Orbital Command  
  26  2:55  SCV  
  27  2:59  Marine x3  
  30  3:07  SCV  
  30  3:08  Stimpack  
  31  3:17  Marine x3  
  31  3:19  SCV  
  35  3:21  SCV  
  36  3:28  Starport  
  36  3:31  Factory Reactor  
  36  3:33  SCV  
  36  3:34  SCV  
  38  3:39  Supply Depot  
  38  3:45  SCV, Supply Depot  
  38  3:46  SCV  
  40  3:50  Marine x3  
  43  3:57  SCV  
  43  3:58  SCV  
  45  4:08  Marine x3  
  48  4:11  SCV  
  48  4:12  SCV  
  48  4:14  Medivac x2  
  54  4:22  Supply Depot  
  54  4:23  SCV  
  56  4:24  SCV  
  56  4:28  Marine x3, Supply Depot  
  59  4:35  SCV  
  59  4:36  SCV  
  61  4:41  Command Center  
  61  4:44  Factory Tech Lab  
  61  4:48  SCV x2  
  63  4:57  Refinery  
  63  4:58  Refinery  
  63  4:59  Supply Depot  
  63  5:00  SCV x2  
  63  5:06  Marine, Siege Tank  
  69  5:08  Marine x2  
  69  5:12  SCV x2  
  73  5:15  Supply Depot  
  73  5:24  SCV x2, Marine  
  73  5:26  Marine x2  
  78  5:30  Medivac x2  
  81  5:41  Combat Shields, Siege Tank  
  81  5:42  Marine  
  85  5:43  Marine x2  
  87  5:59  Marine  
  87  6:01  Marine x2  
  81  6:15  Engineering Bay  
  81  6:16  Supply Depot, Orbital Command  
  81  6:17  Marine  
  81  6:18  Engineering Bay, Medivac x2, Siege Tank  
  86  6:19  Marine x2  
  91  6:34  Refinery  
  91  6:35  Marine, Refinery  
  91  6:37  Marine x2  
  94  6:40  Orbital Command  
  94  6:48  Barracks  
  94  6:52  Barracks, Medivac x2, Siege Tank  
  94  6:53  Marine, Barracks  
  102  6:55  Marine x2  
  104  7:03  Terran Infantry Armor Level 1, Terran Infantry Weapons Level 1  
  104  7:06  SCV x3  
  107  7:11  Supply Depot  
  107  7:18  SCV x3  
  110  7:24  Siege Tank  
  113  7:32  Marine x2  
  113  7:33  Marine  
  113  7:34  Concussive Shells, Medivac x2  
  113  7:36  SCV x3  
  123  7:44  Supply Depot x2  
  123  7:46  Barracks Tech Lab, Barracks Reactor x2  
  123  7:48  Armory  
  123  7:50  Marine x2  
  125  7:55  Supply Depot  
  125  7:57  Supply Depot  
  125  8:03  Factory  
  125  8:06  Marine, Barracks, SCV x3  
  129  8:13  Marine x3  
  129  8:14  Medivac x2  
  129  8:15  Siege Tank  
  129  8:18  SCV x3  
  142  8:23  Marine, Supply Depot  
  142  8:24  Supply Depot  
  143  8:27  Marine x4  
  143  8:30  SCV x3, Marine  
  143  8:31  Marine  
  151  8:56  Factory Tech Lab  
Show
View Real Time Build Order
Export as new Build Order

Smurficide Zerg 

Build Orders: Hatch First 

Get SALT Encoding   

  12  0:01  Drone  
  13  0:13  Overlord  
  13  0:17  Drone  
  14  0:33  Drone x2  
  16  0:40  Drone  
  17  0:54  Hatchery  
  16  0:57  Drone  
  16  0:59  Drone  
  18  1:11  Extractor  
  18  1:15  Spawning Pool  
  18  1:18  Drone  
  17  1:21  Drone  
  18  1:29  Drone  
  19  1:41  Overlord  
  19  2:03  Zergling x4  
  19  2:04  Queen  
  19  2:06  Queen  
  25  2:10  Drone  
  25  2:11  Metabolic Boost  
  25  2:15  Drone  
  27  2:19  Drone  
  28  2:28  Drone  
  28  2:29  Drone  
  30  2:37  Drone  
  31  2:43  Queen  
  33  2:45  Overlord  
  33  2:49  Lair  
  34  2:51  Drone x2  
  35  2:58  Drone  
  35  3:03  Drone  
  37  3:06  Drone  
  38  3:15  Drone  
  38  3:16  Drone x5  
  38  3:18  Overlord  
  44  3:22  Extractor  
  44  3:23  Extractor  
  41  3:31  Drone x2  
  43  3:42  Drone x2  
  45  3:51  Overlord  
  45  3:52  Drone  
  45  3:53  Drone x4  
  50  3:57  Infestation Pit  
  50  3:59  Queen  
  51  4:09  Queen  
  53  4:15  Drone x3  
  53  4:16  Drone  
  57  4:25  Hatchery  
  57  4:26  Overlord  
  57  4:27  Overlord  
  56  4:37  Zergling x2  
  56  4:38  Zergling x4  
  59  4:45  Pathogen Glands  
  59  4:46  Evolution Chamber  
  59  4:48  Zergling x8  
  59  4:49  Evolution Chamber  
  59  4:51  Queen  
  63  4:54  Queen  
  65  5:07  Overlord  
  65  5:09  Zergling x12  
  71  5:16  Overlord  
  71  5:23  Infestor  
  71  5:24  Infestor  
  75  5:33  Hatchery  
  70  5:41  Zergling x12  
  76  5:43  Zerg Melee Weapons Level 1, Zerg Ground Armor Level 1  
  76  5:50  Overlord x3  
  62  6:04  Zergling x2  
  62  6:05  Zergling x6  
  63  6:16  Drone  
  63  6:17  Drone x4  
  70  6:19  Drone  
  70  6:20  Drone x2  
  70  6:22  Extractor  
  70  6:23  Hive, Queen  
  72  6:36  Zergling x2  
  72  6:37  Zergling x4  
  75  6:52  Drone  
  75  6:53  Drone x6  
  82  6:59  Queen  
  82  7:00  Zergling x2  
  85  7:02  Extractor  
  84  7:13  Zergling x10  
  84  7:14  Zergling x4  
  91  7:24  Drone  
  91  7:25  Drone x2  
  91  7:28  Extractor  
  93  7:32  Drone x5  
  98  7:45  Overlord x4  
  98  7:57  Ultralisk Cavern  
  97  8:06  Drone x4  
  97  8:07  Drone x5  
  97  8:11  Infestor x3  
  112  8:18  Hatchery  
  111  8:24  Overlord  
  111  8:25  Overlord x3, Baneling Nest  
  109  8:29  Zergling x2  
Tags
 
Add a new tag
Caveats
  • Supply blocks, unpowered buildings, or Contaminate may cause inaccurate times.
  • Supply counts are checked every 10 seconds.